 Dungeon Crawl Stone Soup version 0.28-a0-529-g3bad584f25 (webtiles) character file.

Game seed: 11092604506772569731

144923 demibob the Phalangite (level 17, -15/140 HPs)
             Began as a Merfolk Chaos Knight on Sept 24, 2021.
             Was a Plaything of Xom.
             Demolished by a golden dragon simulacrum (20 damage)
             ... in an ice cave.
             The game lasted 01:34:53 (28070 turns).

demibob the Phalangite (Merfolk Chaos Knight)      Turns: 28070, Time: 01:34:55

Health: -15/140    AC: 21    Str: 14    XL:     17   Next: 41%
Magic:  0/17       EV: 18    Int: 12    God:    Xom [.*....]
Gold:   2263       SH:  0    Dex: 18    Spells: 16/16 levels left

rFire   + + .      SeeInvis .   b - +1 bardiche (flame)
rCold   + . .      Faith    .   (shield currently unavailable)
rNeg    . . .      Spirit   +   P - +2 fire dragon scales
rPois   +          Reflect  .   (helmet restricted)
rElec   +          Harm     .   s - +0 cloak
rCorr   .          Rampage  .   M - +0 pair of gloves
Will    +....      Clarity  +   l - +0 pair of boots
Stlth   ..........              d - amulet of guardian spirit
HPRegen 1.33/turn               c - ring of protection from cold
MPRegen 0.15/turn               Y - +4 ring of slaying

@: slowed, studying 2 skills, unable to read, very slow
A: (nimble swimmer 2), mertail, claws 1, horns 1, iridescent scales 2, clarity,
cold resistance 1, poison resistance, regeneration 1, shaggy fur 1, electricity
resistance, wild magic 1, inability to read while threatened
a: Renounce Religion


You were in an ice cave.
You worshipped Xom.
You were a plaything of Xom.
You visited 5 branches of the dungeon, and saw 26 of its levels.
You also visited: Ice Cave.

You collected 4863 gold pieces.
You spent 2600 gold pieces at shops.


Innate Abilities, Weirdness & Mutations

((You are quick and stealthy near water. (Stealth+, EV+, Speed+++)))
Your lower body shifts to a powerful aquatic tail in water.
You have sharp fingernails.
You have a pair of small horns on your head.
You are mostly covered in iridescent scales. (AC +4)
You possess an exceptional clarity of mind.
Your flesh is cold resistant. (rC+)
Your system is resistant to poisons. (rPois)
Your natural rate of healing is unusually fast.
You are covered in fur. (AC +1)
You are resistant to electric shocks. (rElec)
Your spells are a little harder to cast, but a little more powerful.
You sometimes lose the ability to read scrolls when taking damage.


   Skills:
 - Level 14.5 Fighting
 + Level 22.7 Polearms
 - Level 9.6 Throwing
 - Level 7.4 Armour
 + Level 19.6 Dodging
 - Level 4.0 Shields
 - Level 15.9 Evocations


You had 16 spell levels left.
You didn't know any spells.
Your spell library contained the following spells:

 Spells                   Type           Power      Damage    Failure   Level
 Animate Skeleton         Necr           0%         N/A       88%         1
 Foxfire                  Conj/Fire      0%         2x1d4     88%         1
 Magic Dart               Conj           0%         1d3       88%         1
 Pain                     Necr           0%         1d4       88%         1
 Searing Ray              Conj           0%         2d4       96%         2
 Slow                     Hex            0%         N/A       96%         2
 Static Discharge         Conj/Air       0%         N/A       96%         2
 Confusing Touch          Hex            0%         N/A       99%         3
 Conjure Flame            Conj/Fire      0%         6-21      99%         3
 Dazzling Flash           Conj/Hex       0%         N/A       99%         3
 Gell's Gravitas          Tloc           0%         N/A       99%         3
 Inner Flame              Hex/Fire       0%         N/A       99%         3
 Lesser Beckoning         Tloc           0%         N/A       99%         3
 Ozocubu's Armour         Ice            0%         N/A       99%         3
 Portal Projectile        Hex/Tloc       0%         N/A       99%         3
 Teleport Other           Tloc           0%         N/A       99%         3
 Vampiric Draining        Necr           0%         2d6       99%         3
 Animate Armour           Summ/Erth      0%         N/A       100%        4
 Dispel Undead            Necr           0%         3d6       100%        4
 Flame Wave               Conj/Fire      0%         3d3       100%        4
 Fulminant Prism          Conj/Hex       0%         3d6       100%        4
 Sticky Flame             Conj/Fire      0%         2d3       100%        4
 Summon Ice Beast         Ice/Summ       0%         N/A       100%        4
 Agony                    Necr           0%         N/A       100%        5
 Fireball                 Conj/Fire      0%         3d3       100%        5
 Iskenderun's Battlesphe  Conj           0%         2d6       100%        5
 Metabolic Englaciation   Hex/Ice        0%         N/A       100%        5
 Silence                  Hex/Air        0%         N/A       100%        5
 Summon Forest            Summ/Tloc      0%         N/A       100%        5
 Summon Mana Viper        Hex/Summ       0%         N/A       100%        5
 Yara's Violent Unravell  Hex/Tmut       0%         3d3       100%        5
 Conjure Ball Lightning   Conj/Air       0%         3x3d6     100%        6
 Simulacrum               Ice/Necr       0%         N/A       100%        6
 Monstrous Menagerie      Summ           0%         N/A       100%        7
 Orb of Destruction       Conj           0%         N/A       100%        7
 Spellforged Servitor     Conj/Summ      0%         N/A       100%        7

Inventory:

Hand Weapons
 a - a +2 vampiric glaive
 b - a +1 bardiche of flaming (weapon)
Missiles
 p - 3 javelins (quivered)
 v - 22 boomerangs
 x - 2 curare-tipped darts {=f}
 I - 4 throwing nets {=f}
Armour
 l - a +0 pair of boots (worn)
 s - a +0 cloak (worn)
 M - a +0 pair of gloves (worn)
 P - +2 fire dragon scales (worn)
Magical Staves
 g - a staff of fire {!a}
Jewellery
 c - a ring of protection from cold (left hand)
 d - an amulet of guardian spirit (around neck)
 i - the ring "Nuur" {*Slow rPois rN+ Dex+6}
   (You found it on level 7 of the Dungeon)

   [ring of dexterity]

   Dex:       It affects your dexterity (+6).
   rPois:     It protects you from poison.
   rN:        It protects you from negative energy.
   *Slow:     It may slow you when you take damage.
 o - the ring of Zocael {Fly Str+5 Dex+4 SInv}
   (You found it on level 5 of the Dungeon)

   [ring of flight]

   Str:       It affects your strength (+5).
   Dex:       It affects your dexterity (+4).
   SInv:      It lets you see invisible.
   Fly:       It grants you flight.
 r - an amulet of the acrobat
 B - an amulet of regeneration
 F - a ring of protection from fire
 R - a ring of resist corrosion
 Y - a +4 ring of slaying (right hand)
Wands
 f - a wand of digging (2)
 h - a wand of acid (11)
 u - a wand of flame (3)
 z - a wand of iceblast (2)
 J - a wand of paralysis (32)
 L - a wand of polymorph (20)
Scrolls
 m - a scroll of teleportation {@r2}
 n - 17 scrolls of identify {@r1}
 q - 3 scrolls of amnesia
 y - 4 scrolls of fog
 E - a scroll of blinking
 G - 4 scrolls of enchant weapon
 H - a scroll of magic mapping
 O - a scroll of brand weapon
Potions
 j - 2 potions of lignification
 k - 5 potions of attraction
 t - 10 potions of curing {@q1}
 C - 7 potions of brilliance
 D - 2 potions of ambrosia
Miscellaneous
 w - a lightning rod (4/4)
 A - a phial of floods

Dungeon Overview and Level Annotations

Branches:
Dungeon (15/15)            Temple (0/1) D:6            Lair (6/6) D:8
 Shoals (2/4) Lair:2        Snake (1/4) Lair:2        Slime (0/5) Lair:6
    Orc (2/2) D:12            Elf (0/3) Orc:2        Vaults (0/5) D:13
 Depths (0/4) D:15          IceCv (1/1)

Altars:
Ashenzari
Elyvilon
Kikubaaqudgha
Okawaru
Trog
Vehumet
Xom
The Shining One
Beogh

Shops:
Orc:2 [=!(*   Snake:1 *

Annotations:
D:3 2 runed translucent doors, RandomusNamus's ghost, amateur MiHu
D:5 3 runed translucent doors, 0ceanBlu's ghost, novice MiFi
D:10 2 runed translucent doors, Dittersdorf's ghost, journeyman GrFi
D:12 1 runed translucent door, pokeman's ghost, journeyman DEWz
Lair:2 3 runed translucent doors, exclusion: oklob plant, Cancer's ghost, journeyman TeCj; Spaninq's ghost, journeyman GnCA; dolemite99's ghost, journeyman HOFi; robertstho's ghost, journeyman DrBe
Lair:5 Muulud's ghost, journeyman SpBe

#°§.§☼#
##.§§## ...
#§§§.# #..#
##§§.###...#
#☼§###...#
##§###..#
##.#...#
#..#Z..#
###.°@#
#.Z## #.##
#.. ##. .n
#. ##


You could see a golden dragon simulacrum and a friendly dire elephant simulacrum
(charmed).


Message History

* * * LOW HITPOINT WARNING * * *
The golden dragon simulacrum freezes you!
You resist.
* * * LOW HITPOINT WARNING * * *
The golden dragon simulacrum closely misses you.
The four-headed hydra simulacrum misses you.
The four-headed hydra simulacrum bites you but does no damage. x3
You chop one of the four-headed hydra simulacrum's heads off!
You hit the three-headed hydra simulacrum.
You melt the three-headed hydra simulacrum.
The three-headed hydra simulacrum vaporises!
The dire elephant simulacrum tramples you!
* * * LOW HITPOINT WARNING * * *
You hold your ground!
The dire elephant simulacrum trunk-slaps you but does no damage.
The golden dragon simulacrum closely misses you.
The golden dragon simulacrum barely misses you.
The golden dragon simulacrum closely misses you.
You cannot read scrolls in your current state!
Okay, then.
Aiming: Charm
Press: ? - help, Shift-Dir - straight line, f - dire elephant simulacrum, p - golden dragon simulacrum
Aim: a dire elephant simulacrum (chance to affect: 80%)
The dire elephant simulacrum is charmed.
The now-empty wand crumbles to dust.
The golden dragon simulacrum bites you.
* * * LOW HITPOINT WARNING * * *
The golden dragon simulacrum freezes you!!
You resist.
You die...
Xom giggles madly!

Skill      XL: |  1  2  3  4  5  6  7  8  9 10 11 12 13 14 15 16 17 |
---------------+----------------------------------------------------+-----
Dodging        | 3 4 6 9 11 14 15 17 19 | 19.6
Polearms       | 5 7 8 9 11 13 14 15 16 19 20 22 | 22.7
Shields        | 2 3 4 |  4.0
Throwing       | 3 5 7 9 |  9.6
Evocations     | 2 4 8 11 13 15 | 15.9
Fighting       | 4 6 10 12 13 14 | 14.5
Armour         | 2 5 7 |  7.4

Action                   |  1- 3 |  4- 6 |  7- 9 | 10-12 | 13-15 | 16-18 || total
-------------------------+-------+-------+-------+-------+-------+-------++-------
Melee: Spear             |    82 |   191 |   286 |       |       |       ||   559
       Tailslap          |       |       |     1 |       |       |    19 ||    20
       Halberd           |       |       |   113 |   575 |       |       ||   688
       Glaive            |       |       |       |   168 |  1246 |   679 ||  2093
       Headbutt          |       |       |       |       |   274 |   147 ||   421
       Bardiche          |       |       |       |       |     6 |    84 ||    90
Throw: Throwing net      |       |       |     1 |       |       |       ||     1
       Boomerang         |       |       |       |    33 |       |       ||    33
       Javelin           |       |       |       |     3 |     1 |     1 ||     5
Evoke: Wand              |     1 |       |       |    10 |    26 |    31 ||    68
       Phial of floods   |       |       |       |       |       |     1 ||     1
  Use: Scroll            |       |     6 |     9 |     7 |     9 |     8 ||    39
       Potion            |       |     1 |     9 |     1 |     3 |     7 ||    21
 Stab: Sleeping          |     2 |     2 |     1 |     3 |     1 |       ||     9
       Confused          |     2 |       |       |       |     9 |     1 ||    12
       Distracted        |       |       |     2 |     3 |     4 |       ||     9
       Held in net/web   |       |       |     2 |       |       |       ||     2
       Petrified         |       |       |       |     1 |       |       ||     1
       Paralysed         |       |       |       |     3 |     4 |     5 ||    12
       Invisible         |       |       |       |       |    11 |     8 ||    19
       Petrifying        |       |       |       |       |     2 |       ||     2
Armor: Leather armour    |    17 |    36 |    56 |   100 |   178 |       ||   387
       Fire dragon scale |       |       |       |       |    71 |   219 ||   290
Dodge: Dodged            |    21 |    55 |   117 |   549 |   892 |   530 ||  2164
Block: Buckler           |       |    22 |    42 |       |       |       ||    64

Levels and vault maps discovered:
D:1:      matt_arrival_spirals, layout_rooms
D:2:      layout_loops_cross, nicolae_underground_beach, uniq_sigmund
D:3:      layout_loops_ring, nicolae_tso_carved_into_rock, ebering_ghost_sewer_f
D:4:      layout_basic
D:5:      layout_loops_ring, gammafunk_ghost_necromancy, dk_vineyard_3
D:6:      layout_basic, minmay_temple_entry_large_hall, minmay_holes,
          grunt_ministairs_14, uniq_edmund
D:7:      layout_rooms, grunt_ministairs_12, uniq_pikel, uniq_duvessa
D:8:      layout_basic, dpeg_oklobed_lair, roderic_lattice_a,
          nicolae_two_hexagons, supply_closet_lemuel
D:9:      kennysheep_blocky_room, layout_basic, uniq_maggie
D:10:     layout_stronghold, muffindrake_ghost_dual_entry, nooodl_orcs_dogs,
          uniq_harold
D:11:     layout_cross, serial_rivers, chequers_serial_rivers_marsh,
          chequers_serial_rivers_micro_b, chequers_serial_rivers_micro_d,
          chequers_serial_rivers_small_3, chequers_serial_rivers_micro_b,
          chequers_serial_rivers_micro_a, uniq_maurice, uniq_erolcha,
          uniq_psyche
D:12:     wander_river, layout_long_grid, gammafunk_ghost_grave,
          trog_three_pillars_becter
D:13:     layout_basic, lightli_vaults_fourway_checkpoint, elyvilon_altar_1,
          uniq_azrael
D:14:     cheibrodos_fzero, layout_long_grid, hangedman_decor_growths,
          serial_co_window_serial, co_window_paths_b, co_window_corner_a,
          co_window_paths_b, co_window_cross_1, co_window_paths_a,
          co_window_paths_b, co_window_paths_a, co_window_of_opportunity_c,
          co_window_broadway_b, co_window_of_opportunity_b, glass_columns_a,
          kennysheep_inner_square
D:15:     hangedman_depths_entry_civil_slaughter, layout_basic,
          ashenzari_conservatory_becter, uniq_agnes
Lair:1:   layout_long_grid, gammafunk_ghost_hive
Lair:2:   lemuel_reptile_caves, layout_small_grid, elwin_shoals_entry_rocks,
          guppyfry_snake_entry_garden, basic_altar, gammafunk_ghost_cemetery
Lair:3:   layout_roguey
Lair:4:   layout_cave_pods, nicolae_quartered_pool_little, serial_bayou_shore_a,
          lemuel_fruit_fields
Lair:5:   layout_gridlike, gammafunk_ghost_arena, minivault_26
Lair:6:   hangedman_lair_caniforms_friends, layout_gridlike,
          nicolae_slime_entry_slimehenge, chequers_serial_rivers_marsh,
          infiniplex_staircase_pool_2
Shoals:1: layout_shoals, nicolae_shoals_hidden_pirate_stash, uniq_aizul
Shoals:2: layout_shoals, portal_ice_cave_entry_ice_statue_one,
          nicolae_shoals_beach_cooler, uniq_ilsuiw
Snake:1:  layout_onion_interference, nicolae_shop_clearance
Orc:1:    layout_caves, uniq_sonja, uniq_erica
Orc:2:    kennysheep_orc_mage_school, layout_caves, basic_altar,
          nicolae_shop_gadgets, uniq_saint_roka
IceCv:    ice_cave_caverns_01

Notes
Turn   | Place    | Note
-------+----------+-------------------------------------------
     0 | D:1      | demibob the Merfolk Chaos Knight began the quest for the
                  | Orb.
     0 | D:1      | Reached XP level 1. HP: 18/18 MP: 1/1
    58 | D:1      | Reached skill level 3 in Dodging
    58 | D:1      | Reached XP level 2. HP: 19/24 MP: 2/2
   109 | D:1      | XOM: silly message
   136 | D:1      | Reached skill level 5 in Polearms
   724 | D:1      | XOM: divination: detect items
   767 | D:2      | Reached XP level 3. HP: 26/29 MP: 3/3
   829 | D:2      | XOM: silly message
   899 | D:2      | Noticed Sigmund
   911 | D:2      | XOM: 3-stop teleportation journey
   922 | D:2      | Killed Sigmund
   923 | D:2      | Reached skill level 7 in Polearms
   923 | D:2      | Reached skill level 4 in Dodging
   923 | D:2      | Reached XP level 4. HP: 35/35 MP: 4/4
   923 | D:2      | Reached XP level 5. HP: 41/41 MP: 5/5
  1092 | D:2      | XOM: polymorph goblin -> quokka
  1365 | D:2      | Reached skill level 8 in Polearms
  1401 | D:2      | Identified a scroll of acquirement
  1401 | D:2      | Acquired a +2 buckler of protection
  1658 | D:3      | Found a glowing golden altar of the Shining One.
  1706 | D:3      | Reached XP level 6. HP: 26/47 MP: 4/6
  2094 | D:3      | Found a runed translucent door.
  2116 | D:3      | Found a runed translucent door.
  2134 | D:3      | Noticed RandomusNamus's ghost (amateur MiHu)
  2489 | D:4      | Reached skill level 1 in Shields
  2722 | D:4      | Noticed a sky beast
  2742 | D:4      | Identified a potion of resistance
  2748 | D:4      | Killed a sky beast
  2749 | D:4      | Reached skill level 9 in Polearms
  2749 | D:4      | Reached skill level 2 in Shields
  2749 | D:4      | Reached XP level 7. HP: 11/52 MP: 1/7
  3107 | D:4      | XOM: god gift: 779 gold pieces
  3404 | D:4      | XOM: god gift: 967 gold pieces
  3580 | D:5      | Entered Level 5 of the Dungeon
  3630 | D:5      | Reached skill level 10 in Polearms
  3789 | D:5      | Reached skill level 3 in Shields
  3911 | D:5      | Reached skill level 11 in Polearms
  3911 | D:5      | Reached XP level 8. HP: 56/58 MP: 8/8
  3967 | D:5      | Reached skill level 4 in Shields
  4008 | D:5      | XOM: give mutations
  4008 | D:5      | Gained mutation: You have supernaturally acute eyesight.
                  | (SInv) [Xom's grace]
  4008 | D:5      | Gained mutation: You have sharp fingernails. [Xom's grace]
  4279 | D:5      | XOM: cast spell 'Summon Ice Beast'
  4352 | D:5      | Identified the ring of Zocael {Fly Str+5 Dex+4 SInv}
  4386 | D:5      | XOM: scenery: create altars
  4388 | D:5      | XOM: divination: magic mapping
  4391 | D:5      | Reached skill level 12 in Polearms
  4402 | D:5      | XOM: cloud trail
  4565 | D:5      | XOM: scenery: summon butterflies
  4570 | D:5      | XOM: summons 1 hostile demon
  4598 | D:5      | XOM: god gift: hand axe {god gift}
  4645 | D:5      | XOM: scenery: summon butterflies
  4677 | D:5      | Found a runed translucent gate.
  4678 | D:5      | Found a runed translucent gate.
  4678 | D:5      | Found a runed translucent gate.
  4682 | D:5      | Noticed 0ceanBlu's ghost (novice MiFi)
  4717 | D:5      | XOM: cloud trail
  4803 | D:6      | XOM: scenery: create altars
  4942 | D:6      | Reached skill level 13 in Polearms
  5093 | D:6      | XOM: noise
  5101 | D:6      | Reached skill level 5 in Dodging
  5162 | D:6      | Noticed a kobold demonologist
  5163 | D:6      | Noticed Edmund
  5164 | D:6      | >>okay
  5165 | D:6      | Noticed a red devil
  5169 | D:6      | Noticed a sixfirhy
  5200 | D:6      | Killed a kobold demonologist
  5201 | D:6      | Reached skill level 2 in Throwing
  5201 | D:6      | Reached skill level 6 in Dodging
  5206 | D:6      | Reached skill level 3 in Throwing
  5206 | D:6      | Reached XP level 9. HP: 64/64 MP: 4/9
  5375 | D:6      | XOM: cloud trail
  5387 | D:6      | Found a staircase to the Ecumenical Temple.
  5406 | D:6      | Reached skill level 7 in Dodging
  5418 | D:6      | Killed Edmund
  5419 | D:6      | Reached skill level 4 in Throwing
  5676 | D:6      | XOM: 3-stop teleportation journey
  6027 | D:6      | XOM: silly message
  6072 | D:6      | XOM: summons 2 hostile shadow creatures
  6113 | D:6      | XOM: summons 1 hostile demon
  6226 | D:6      | XOM: swap monsters
  6493 | D:7      | Noticed a white ugly thing
  6496 | D:6      | Lost mutation: You have supernaturally acute eyesight.
                  | (SInv) [potion of mutation]
  6496 | D:6      | Gained mutation: You are partially covered in iridescent
                  | scales. (AC +2) [potion of mutation]
  6496 | D:6      | Gained mutation: You are agile. (Dex +2) [potion of
                  | mutation]
  6496 | D:6      | Gained mutation: You are mostly covered in iridescent
                  | scales. (AC +4) [potion of mutation]
  6496 | D:6      | Gained mutation: Your spells are a little harder to cast,
                  | but a little more powerful. [potion of mutation]
  6533 | D:7      | Noticed Duvessa
  6533 | D:7      | Noticed Dowan
  6590 | D:7      | Reached skill level 8 in Dodging
  6611 | D:7      | XOM: fog
  6627 | D:7      | Killed Dowan
  6890 | D:7      | XOM: silly message
  6892 | D:7      | XOM: potion effect (curing)
  6901 | D:7      | Killed Duvessa
  6903 | D:7      | XOM: silly message
  6917 | D:7      | Killed a white ugly thing
  6918 | D:7      | Reached skill level 5 in Throwing
  6929 | D:7      | Identified the ring "Nuur" {*Slow rPois rN+ Dex+6}
  7004 | D:7      | Noticed Pikel
  7004 | D:7      | XOM: potion effect (brilliance)
  7006 | D:7      | >>well shit
  7013 | D:7      | XOM: divination: detect creatures
  7014 | D:7      | Killed Pikel
  7015 | D:7      | Reached skill level 14 in Polearms
  7015 | D:7      | Reached skill level 9 in Dodging
  7015 | D:7      | Reached XP level 10. HP: 70/70 MP: 10/10
  7080 | D:7      | XOM: stat loss: -1 Str (17/18)
  7083 | D:7      | XOM: swap monsters
  7085 | D:7      | XOM: polymorph bullfrog -> river rat
  7108 | D:7      | Reached skill level 6 in Throwing
  7518 | D:7      | XOM: stat loss: -1 Int (11/12)
  7570 | D:7      | Noticed a cyclops
  7991 | D:8      | XOM: 3-stop teleportation journey
  8072 | D:8      | XOM: enchant monster (good)
  8077 | D:8      | Reached skill level 10 in Dodging
  8364 | D:8      | XOM: scenery: summon butterflies
  8375 | D:8      | XOM: enchant monster (good)
  8470 | D:8      | Found a staircase to the Lair.
  8504 | D:8      | XOM: god gift: mace {god gift}
  8697 | D:8      | Reached skill level 15 in Polearms
  8697 | D:8      | Reached skill level 7 in Throwing
  8698 | D:8      | XOM: scenery: create altars
  8858 | D:8      | XOM: god gift: potion of heal wounds
  8908 | D:8      | XOM: give mutations
  8908 | D:8      | Gained mutation: You have an increased reservoir of magic.
                  | (+10% MP) [Xom's grace]
  8908 | D:8      | Gained mutation: Your natural rate of healing is unusually
                  | fast. [Xom's grace]
  8908 | D:8      | Gained mutation: You are resistant to electric shocks.
                  | (rElec) [Xom's grace]
  8908 | D:8      | Gained mutation: You are strong-willed. (Will+) [Xom's
                  | grace]
  9005 | Lair:1   | Entered Level 1 of the Lair of Beasts
  9008 | Lair:1   | Noticed a black mamba
  9009 | Lair:1   | Noticed a cane toad
  9034 | D:9      | Noticed Maggie
  9037 | D:9      | >>mom
  9037 | D:9      | >>help
  9043 | D:9      | XOM is BORED!
  9043 | D:9      | XOM: chaos upgrade
  9052 | D:9      | Killed Maggie
  9053 | D:9      | Reached skill level 1 in Evocations
  9123 | D:9      | XOM: noise
  9133 | D:9      | XOM: blink monster(s)
  9139 | D:9      | Reached skill level 11 in Dodging
  9162 | D:9      | Reached skill level 2 in Evocations
  9230 | D:9      | XOM: swap monsters
  9231 | D:9      | XOM: smoke on damage
  9303 | D:9      | Reached XP level 11. HP: 74/75 MP: 12/12
  9336 | D:9      | XOM: noise
  9372 | D:9      | XOM: polymorph orc priest -> killer bee
  9372 | D:9      | Noticed a white ugly thing
  9383 | D:9      | Killed a white ugly thing
  9391 | D:9      | Noticed a two-headed ogre
  9404 | D:9      | Killed a two-headed ogre
  9405 | D:9      | Reached skill level 16 in Polearms
  9405 | D:9      | Reached skill level 8 in Throwing
  9428 | D:9      | XOM: torment (43/75 hp)
  9529 | D:9      | Reached skill level 12 in Dodging
  9583 | D:9      | Noticed a seven-headed hydra
  9597 | D:9      | XOM: 3-stop teleportation journey
  9627 | D:9      | XOM: give mutation
  9627 | D:9      | Gained mutation: Your flesh is cold resistant. (rC+) [Xom's
                  | grace]
  9648 | D:9      | XOM: god gift: +4 longbow
  9725 | Lair:1   | XOM: polymorph cane toad -> polar bear
  9757 | Lair:1   | XOM: confuse monster(s)
  9822 | Lair:1   | Found a transporter.
  9825 | Lair:1   | Found a transporter.
  9827 | Lair:1   | Noticed Heh's ghost (journeyman MiFi)
  9838 | Lair:1   | XOM: summons friendly shadow imp
  9840 | Lair:1   | XOM: polymorph shadow imp -> ufetubus
  9927 | Lair:1   | Reached skill level 9 in Throwing
  9948 | Lair:1   | XOM: cast spell 'Necromutation'
  9961 | Lair:1   | Reached skill level 13 in Dodging
 10104 | Lair:1   | XOM: god gift: 51 gold pieces
 10110 | Lair:1   | Noticed a seven-headed hydra
 10119 | Lair:1   | XOM: summons friendly chaos spawn
 10121 | Lair:1   | XOM: summons 11 friendly demons
 10129 | Lair:1   | Killed a seven-headed hydra
 10133 | Lair:1   | Reached skill level 4 in Fighting
 10133 | Lair:1   | Reached skill level 14 in Dodging
 10133 | Lair:1   | Reached XP level 12. HP: 56/84 MP: 8/13
 10225 | Lair:1   | XOM: give mutations
 10225 | Lair:1   | Gained mutation: You expend magic power (3 MP) to
                  | strengthen your wands. [Xom's grace]
 10225 | Lair:1   | Gained mutation: You are highly strong-willed. (Will++)
                  | [Xom's grace]
 10225 | Lair:1   | Gained mutation: You are covered in fur. (AC +1) [Xom's
                  | grace]
 10434 | Lair:2   | Reached skill level 5 in Fighting
 10449 | Lair:2   | Reached skill level 3 in Evocations
 10508 | Lair:2   | XOM: 3-stop teleportation journey
 10557 | Lair:2   | Found an iron altar of Okawaru.
 10606 | Lair:2   | Reached skill level 4 in Evocations
 10608 | Lair:2   | Reached skill level 6 in Fighting
 10640 | Lair:2   | Found a runed translucent gate.
 10687 | Lair:2   | Found a runed translucent gate.
 10703 | Lair:2   | XOM: fog
 10724 | Lair:2   | Acquired a +2 glaive of freezing
 10773 | Lair:2   | XOM: cast spell 'Cause Fear'
 10815 | Lair:2   | XOM: summons friendly shadow imp
 10816 | Lair:2   | XOM: enchant monster (good)
 10824 | Lair:2   | Reached skill level 17 in Polearms
 10965 | Lair:2   | Found a runed translucent gate.
 10966 | Lair:2   | Noticed dolemite99's ghost (journeyman HOFi)
 10967 | Lair:2   | Noticed Spaninq's ghost (journeyman GnCA)
 10967 | Lair:2   | Noticed robertstho's ghost (journeyman DrBe)
 10967 | Lair:2   | Noticed Cancer's ghost (journeyman TeCj)
 10968 | Lair:2   | Found the +11 plutonium sword {Contam Stlth-}
 10969 | Lair:2   | Found the +8 orange crystal plate armour {Archmagi, Int+3
                  | Clar}
 11087 | Lair:2   | XOM: god gift: 10 gold pieces
 11129 | Lair:2   | XOM: enchant monster (good)
 11159 | Lair:2   | XOM: confuse monster(s)
 11180 | Lair:2   | Found a staircase to the Shoals.
 11298 | Lair:2   | Found a staircase to the Snake Pit.
 11626 | Lair:3   | XOM: summons friendly iron imp
 11649 | Lair:3   | Reached skill level 18 in Polearms
 11658 | Lair:3   | Identified the +10 hunting sling "Hydra's Nightmare"
                  | {flame, rElec Dex+3}
 11782 | Lair:3   | Noticed a five-headed hydra
 11788 | Lair:3   | XOM: enchant monster (good)
 11831 | Lair:3   | XOM: destruction
 12187 | Lair:3   | Killed a 13-headed hydra
 12188 | Lair:3   | Reached skill level 19 in Polearms
 12527 | Lair:3   | XOM: cloud trail
 12544 | Lair:4   | Noticed a death yak
 12558 | Lair:4   | Killed a death yak
 12562 | Lair:4   | Noticed a death yak
 12564 | Lair:4   | Noticed a death yak
 12564 | Lair:4   | Noticed a death yak
 12564 | Lair:4   | Noticed a death yak
 12565 | Lair:4   | Noticed a death yak
 12577 | Lair:4   | XOM: summons 4 friendly demons
 12581 | Lair:4   | Killed a death yak
 12582 | Lair:4   | Reached XP level 13. HP: 94/94 MP: 11/14
 12597 | Lair:4   | Reached skill level 20 in Polearms
 12597 | Lair:4   | XOM: polymorph crimson imp -> neqoxec
 12608 | Lair:4   | Reached skill level 5 in Evocations
 12633 | Lair:4   | Got the Reference Book on Summoning
 12651 | Lair:4   | XOM: fog
 12698 | Lair:4   | XOM: give mutations
 12698 | Lair:4   | Lost mutation: You are highly strong-willed. (Will++)
                  | [Xom's mischief]
 12698 | Lair:4   | Lost mutation: You are strong-willed. (Will+) [Xom's
                  | mischief]
 12698 | Lair:4   | Lost mutation: You expend magic power (3 MP) to strengthen
                  | your wands. [Xom's mischief]
 12698 | Lair:4   | Lost mutation: Your spells are a little harder to cast, but
                  | a little more powerful. [Xom's mischief]
 12746 | Lair:4   | XOM: summons 3 hostile shadow creatures
 12756 | Lair:4   | XOM: give mutations
 12756 | Lair:4   | Lost mutation: You are agile. (Dex +2) [Xom's mischief]
 12756 | Lair:4   | Gained mutation: You have a considerably increased
                  | reservoir of magic. (+20% MP) [Xom's mischief]
 12756 | Lair:4   | Gained mutation: You are clumsy. (Dex -2) [Xom's mischief]
 12774 | Lair:4   | XOM: enchant monster (good)
 12792 | Lair:4   | Reached skill level 7 in Fighting
 12798 | Lair:4   | XOM: 8-stop teleportation journey
 12799 | Lair:4   | You are sucked into a shaft and drop 2 floors!
 12799 | Lair:6   | Entered Level 6 of the Lair of Beasts
 12841 | Lair:5   | Found a transporter.
 12844 | Lair:5   | Found a transporter.
 12844 | Lair:5   | Noticed Muulud's ghost (journeyman SpBe)
 12895 | Lair:4   | XOM: divine lightning
 12944 | Lair:3   | XOM: give mutations
 12944 | Lair:3   | Gained mutation: You have a pair of small horns on your
                  | head. [Xom's grace]
 12944 | Lair:3   | Gained mutation: You are completely covered in iridescent
                  | scales. (AC +6) [Xom's grace]
 12944 | Lair:3   | Gained mutation: Your flesh is very cold resistant. (rC++)
                  | [Xom's grace]
 13058 | D:10     | Entered Level 10 of the Dungeon
 13138 | D:10     | XOM: polymorph boulder beetle -> bunyip
 13426 | D:10     | Noticed Harold
 13429 | D:10     | XOM: summons 13 friendly demons
 13433 | D:10     | Killed Harold
 13434 | D:10     | Reached skill level 6 in Evocations
 13517 | D:10     | XOM: 1-stop teleportation journey
 13518 | D:10     | Reached skill level 8 in Fighting
 13520 | D:10     | XOM: polymorph orc wizard -> adder
 13533 | D:10     | XOM: cloud trail
 13619 | D:10     | XOM: cloud trail
 13685 | D:10     | XOM: give mutations
 13685 | D:10     | Gained mutation: Your muscles are strong. (Str +2) [Xom's
                  | grace]
 13685 | D:10     | Gained mutation: You are robust. (+10% HP) [Xom's grace]
 13685 | D:10     | Gained mutation: Your system is resistant to poisons.
                  | (rPois) [Xom's grace]
 13685 | D:10     | Gained mutation: You are somewhat resistant to further
                  | mutation. [Xom's grace]
 13991 | D:10     | Found a runed translucent door.
 13994 | D:10     | Found a runed translucent door.
 14062 | D:10     | Noticed a lich
 14062 | D:10     | Noticed Dittersdorf's ghost (journeyman GrFi)
 14074 | D:10     | Reached skill level 7 in Evocations
 14182 | D:11     | Noticed Maurice
 14195 | D:11     | Killed Maurice
 14218 | D:11     | Noticed Psyche
 14227 | D:11     | Killed Psyche
 14323 | D:11     | Reached skill level 9 in Fighting
 14431 | D:11     | Noticed Erolcha
 14435 | D:11     | Killed Erolcha
 14445 | D:11     | Identified the +0 leather armour of Inviolability {Str+2}
 14728 | D:9      | XOM: divination: magic mapping
 14770 | D:9      | XOM: god gift: staff of poison
 15229 | D:9      | XOM: divination: magic mapping
 15475 | Lair:5   | Reached skill level 8 in Evocations
 15616 | Lair:5   | XOM: enchant monster (bad)
 15626 | Lair:5   | Reached skill level 10 in Fighting
 15646 | Lair:5   | XOM: cast spell 'Call Canine Familiar'
 15649 | Lair:5   | XOM: noise
 15682 | Lair:5   | Identified the +1 robe of Gallantry {rF+ SInv}
 15729 | Lair:5   | XOM: silly message
 15739 | Lair:5   | Reached XP level 14. HP: 121/121 MP: 13/16
 16055 | Lair:6   | XOM is BORED!
 16055 | Lair:6   | XOM: 2-stop teleportation journey
 16084 | Lair:6   | XOM: silly message
 16088 | Lair:6   | XOM: potion effect (heal wounds)
 16121 | Lair:6   | Reached skill level 9 in Evocations
 16194 | Lair:6   | Reached skill level 11 in Fighting
 16259 | Lair:6   | XOM: cast spell 'Call Canine Familiar'
 16271 | Lair:6   | XOM: silly message
 16288 | Lair:6   | XOM: silly message
 16297 | Lair:6   | XOM: silly message
 16360 | Lair:6   | XOM: divination: detect items
 16374 | Lair:6   | XOM: potion effect (invisibility)
 16535 | Lair:6   | XOM: potion effect (invisibility)
 16567 | Lair:6   | Reached skill level 10 in Evocations
 16582 | Lair:6   | Found a staircase to the Slime Pits.
 16583 | Lair:6   | XOM: 3-stop teleportation journey
 16799 | Lair:6   | XOM: enchant monster (good)
 16877 | Lair:6   | XOM: noise
 17039 | Lair:6   | XOM: summons 1 hostile demon
 17484 | Lair:4   | Identified the +10 fustibalus "Qiufeus" {flame, Will+}
 17692 | Lair:1   | XOM: noise
 17970 | D:12     | Reached skill level 12 in Fighting
 18019 | D:12     | Found a staircase to the Orcish Mines.
 18028 | Orc:1    | Entered Level 1 of the Orcish Mines
 18063 | Orc:1    | Noticed Sonja
 18072 | Orc:1    | Killed Sonja
 18178 | Orc:1    | XOM: noise
 18201 | Orc:1    | You are sucked into a shaft and drop 1 floor!
 18201 | Orc:2    | Entered Level 2 of the Orcish Mines
 18205 | Orc:2    | XOM: stat loss: -1 Dex (18/19)
 18228 | Orc:2    | Found Kenuqia's Gadget Gallery.
 18232 | Orc:2    | Bought a phial of floods for 640 gold pieces
 18244 | Orc:2    | XOM: 2-stop teleportation journey
 18309 | Orc:2    | XOM: noise
 18313 | Orc:2    | XOM: summons 5 friendly demons
 18376 | Orc:2    | Found a staircase to the Elven Halls.
 18399 | Orc:2    | Reached skill level 11 in Evocations
 18401 | Orc:2    | XOM: enchant monster (good)
 18504 | Orc:2    | XOM: noise
 18517 | Orc:2    | Noticed Saint Roka
 18536 | Orc:2    | XOM: noise
 18538 | Orc:2    | Killed Saint Roka
 18539 | Orc:2    | Reached skill level 1 in Armour
 18579 | Orc:2    | XOM: 6-stop teleportation journey
 18708 | Orc:1    | Noticed Erica
 18709 | Orc:1    | XOM: silly message
 18710 | Orc:1    | Noticed Erica
 18710 | Orc:1    | Erica changed into Erica the jumping spider
 18710 | Orc:1    | XOM: polymorph Erica -> Erica the jumping spider
 18717 | Orc:1    | XOM: scenery: summon butterflies
 18724 | Orc:1    | Killed Erica the jumping spider
 19032 | Orc:2    | XOM: god gift: robe {god gift}
 19039 | Orc:1    | XOM: polymorph orc knight -> redback
 19165 | Orc:2    | XOM: cloud trail
 19262 | Orc:2    | XOM: divination: magic mapping
 19284 | Orc:2    | XOM: confuse monster(s)
 19289 | Orc:2    | Reached skill level 2 in Armour
 19295 | Orc:2    | XOM: blink monster(s)
 19309 | Orc:2    | XOM: silly message
 19311 | Orc:2    | Reached XP level 15. HP: 134/134 MP: 18/18
 19393 | Orc:2    | Reached skill level 13 in Fighting
 19393 | Orc:2    | Identified a +2 robe of the Archmagi
 19428 | Orc:2    | Paralysed by an orc sorcerer for 3 turns
 19596 | Orc:2    | Found Loxavvav's Antique Armour Boutique.
 19615 | Orc:2    | Found a radiant altar of Vehumet.
 19648 | Orc:2    | Found Godoneof's Distillery.
 19663 | Orc:2    | Found Qubrys's Jewellery Shop.
 19897 | Orc:2    | XOM: confuse monster(s)
 19909 | Orc:2    | Found Bikonaf's Antique Weapon Boutique.
 19934 | Orc:2    | Found an ancient bone altar of Kikubaaqudgha.
 20122 | Orc:2    | Bought fire dragon scales for 1920 gold pieces
 20174 | Orc:2    | XOM: potion effect (invisibility)
 20277 | Orc:2    | XOM: silly message
 20385 | D:12     | Reached skill level 3 in Armour
 20412 | D:12     | Reached skill level 15 in Dodging
 20485 | D:12     | XOM: enchant monster (good)
 20492 | D:12     | Found a runed translucent door.
 20492 | D:12     | Noticed pokeman's ghost (journeyman DEWz)
 20532 | D:12     | XOM: confuse monster(s)
 20533 | D:12     | XOM: 2-stop teleportation journey
 20589 | D:12     | Found a bloodstained altar of Trog.
 21113 | D:13     | Found a white marble altar of Elyvilon.
 21283 | D:13     | Found a gate to the Vaults.
 21308 | D:13     | XOM: blink monster(s)
 21352 | D:13     | Acquired a manual of Evocations
 21471 | D:13     | Noticed Azrael
 21480 | D:13     | Killed Azrael
 21872 | D:13     | XOM: confuse monster(s)
 21876 | D:13     | Upgraded the game from 0.28-a0-519-gbfeecf2fc5 to
                  | 0.28-a0-529-g3bad584f25
 21887 | D:13     | XOM: god gift: dagger {god gift}
 21964 | D:14     | XOM is BORED!
 21964 | D:14     | XOM: noise
 22016 | D:14     | Identified the +7 shortbow of the Hall of Blades {vorpal,
                  | rF+ SInv}
 22104 | D:14     | Reached skill level 4 in Armour
 22129 | D:14     | Reached skill level 12 in Evocations
 22206 | D:14     | XOM: 2-stop teleportation journey
 22384 | D:14     | XOM: 1-stop teleportation journey
 22478 | D:14     | XOM: 1-stop teleportation journey
 22489 | D:14     | XOM: confuse monster(s)
 22511 | D:14     | Reached skill level 5 in Armour
 22511 | D:14     | Reached skill level 13 in Evocations
 22731 | D:14     | XOM: summons friendly shadow imp
 22736 | D:14     | XOM: divination: detect creatures
 22744 | D:14     | XOM: silly message
 22804 | D:14     | XOM is BORED!
 22837 | D:14     | Reached XP level 16. HP: 145/145 MP: 19/19
 22855 | D:14     | XOM: noise
 23088 | D:15     | Entered Level 15 of the Dungeon
 23103 | D:15     | Reached skill level 14 in Evocations
 23115 | D:15     | XOM: give mutations
 23115 | D:15     | Lost mutation: You are clumsy. (Dex -2) [Xom's mischief]
 23115 | D:15     | Lost mutation: You are completely covered in iridescent
                  | scales. (AC +6) [Xom's mischief]
 23115 | D:15     | Lost mutation: You are robust. (+10% HP) [Xom's mischief]
 23115 | D:15     | Lost mutation: Your muscles are strong. (Str +2) [Xom's
                  | mischief]
 23143 | D:15     | Reached skill level 6 in Armour
 23186 | D:15     | Found a broken altar of Ashenzari.
 23244 | D:15     | XOM: stat loss: -1 Str (18/19)
 23256 | D:15     | XOM: blink monster(s)
 23342 | D:15     | XOM: summons 8 hostile demons
 23531 | D:15     | Found a staircase to the Depths.
 23547 | D:15     | XOM: stat loss: -1 Int (11/12)
 23600 | D:15     | Noticed Agnes
 23606 | D:15     | Killed Agnes
 23607 | D:15     | Reached skill level 15 in Evocations
 23615 | D:15     | XOM: swap monsters
 23620 | D:15     | Paralysed by an ogre mage for 3 turns
 23623 | D:15     | XOM: chaos upgrade
 23943 | D:15     | Reached skill level 7 in Armour
 23952 | D:15     | XOM: give mutation
 23952 | D:15     | Gained mutation: You sometimes lose the ability to read
                  | scrolls when taking damage. [Xom's mischief]
 23960 | D:15     | XOM: give mutations
 23960 | D:15     | Lost mutation: You are somewhat resistant to further
                  | mutation. [Xom's mischief]
 23960 | D:15     | Lost mutation: Your flesh is very cold resistant. (rC++)
                  | [Xom's mischief]
 23960 | D:15     | Lost mutation: You have a considerably increased reservoir
                  | of magic. (+20% MP) [Xom's mischief]
 24354 | D:8      | XOM: give mutations
 24354 | D:8      | Lost mutation: You have an increased reservoir of magic.
                  | (+10% MP) [Xom's mischief]
 24354 | D:8      | Gained mutation: You occasionally shout uncontrollably at
                  | your foes. [Xom's mischief]
 24354 | D:8      | Lost mutation: You sometimes lose the ability to read
                  | scrolls when taking damage. [Xom's mischief]
 24411 | Snake:1  | Entered Level 1 of the Snake Pit
 24467 | Snake:1  | XOM: noise
 24526 | Snake:1  | XOM: 3-stop teleportation journey
 24695 | Snake:1  | Reached skill level 16 in Dodging
 24751 | Snake:1  | XOM: 1-stop teleportation journey
 24760 | Snake:1  | Reached skill level 14 in Fighting
 24933 | Snake:1  | XOM: polymorph mana viper -> snapping turtle
 25065 | Snake:1  | Found Vouriomu's CLEARANCE SALE!.
 25072 | Snake:1  | Bought a potion of invisibility for 40 gold pieces
 25122 | Snake:1  | XOM: give mutations
 25122 | Snake:1  | Lost mutation: You occasionally shout uncontrollably at
                  | your foes. [Xom's mischief]
 25122 | Snake:1  | Lost mutation: Your flesh is cold resistant. (rC+) [Xom's
                  | mischief]
 25122 | Snake:1  | Gained mutation: You possess an exceptional clarity of
                  | mind. [Xom's mischief]
 25122 | Snake:1  | Lost mutation: You are mostly covered in iridescent scales.
                  | (AC +4) [Xom's mischief]
 25338 | Snake:1  | XOM: god gift: Xom's Papyrus of Too Many Cooks {god gift}
 25510 | Snake:1  | XOM: scenery: create altars
 25540 | Snake:1  | Got Xom's Papyrus of Too Many Cooks {god gift}
 25870 | Lair:1   | XOM: cast spell 'Chain of Chaos'
 25889 | Lair:1   | Killed Heh's ghost
 25906 | Lair:1   | XOM: divination: detect creatures
 26119 | Shoals:1 | Entered Level 1 of the Shoals
 26120 | Shoals:1 | XOM: cast spell 'Call Canine Familiar'
 26130 | Shoals:1 | Noticed Aizul
 26137 | Shoals:1 | Reached skill level 17 in Dodging
 26157 | Shoals:1 | Killed Aizul
 26185 | Lair:2   | XOM: give mutations
 26185 | Lair:2   | Gained mutation: Your flesh is cold resistant. (rC+) [Xom's
                  | grace]
 26185 | Lair:2   | Gained mutation: Your spells are a little harder to cast,
                  | but a little more powerful. [Xom's grace]
 26185 | Lair:2   | Gained mutation: Your mind is acute. (Int +2) [Xom's grace]
 26185 | Lair:2   | Gained mutation: You are mostly covered in iridescent
                  | scales. (AC +4) [Xom's grace]
 26340 | Shoals:1 | XOM: destruction
 26365 | Shoals:1 | Reached XP level 17. HP: 140/140 MP: 15/17
 26419 | Shoals:1 | XOM: scenery: summon butterflies
 26632 | Shoals:1 | XOM: scenery: summon butterflies
 26637 | Shoals:1 | XOM: polymorph butterfly -> killer bee
 26642 | Shoals:1 | Reached skill level 21 in Polearms
 26726 | Shoals:1 | Reached skill level 18 in Dodging
 26766 | Shoals:1 | XOM: 6-stop teleportation journey
 27188 | Shoals:2 | XOM: summons 16 friendly demons
 27204 | Shoals:2 | Noticed Ilsuiw
 27258 | Shoals:2 | XOM: cleaving
 27267 | Shoals:2 | XOM: smoke on damage
 27273 | Shoals:2 | XOM: god gift: 1120 gold pieces
 27287 | Shoals:2 | XOM: cleaving
 27290 | Shoals:2 | XOM: polymorph merfolk -> eye of devastation
 27298 | Shoals:2 | XOM: 4-stop teleportation journey
 27300 | Shoals:2 | XOM: polymorph faun -> salamander
 27304 | Shoals:2 | XOM: 5-stop teleportation journey
 27349 | Shoals:2 | Killed Ilsuiw
 27349 | Shoals:2 | XOM: polymorph sea snake -> sea snake
 27365 | Shoals:2 | XOM: torment (56/140 hp)
 27450 | Shoals:2 | XOM: 9-stop teleportation journey
 27471 | Shoals:2 | Reached skill level 22 in Polearms
 27475 | Shoals:2 | Reached skill level 19 in Dodging
 27503 | Shoals:2 | XOM: polymorph faun -> shining eye
 27504 | Shoals:2 | Found a frozen archway.
 27523 | IceCv    | Entered an ice cave
 27574 | IceCv    | XOM: smoke on damage
 27641 | IceCv    | XOM: smoke on damage
 27653 | IceCv    | XOM: swap monsters
 27832 | IceCv    | XOM: enchant monster (bad)
 27994 | IceCv    | XOM: give mutations
 27994 | IceCv    | Lost mutation: Your mind is acute. (Int +2) [Xom's
                  | mischief]
 27994 | IceCv    | Gained mutation: You sometimes lose the ability to read
                  | scrolls when taking damage. [Xom's mischief]
 28067 | IceCv    | >>i die here
 28067 | IceCv    | HP: 13/140 [golden dragon simulacrum (25)]
 28068 | IceCv    | >>lmao
 28069 | IceCv    | HP: 6/140 [dire elephant simulacrum (14)]
 28070 | IceCv    | Demolished by a golden dragon simulacrum

Vanquished Creatures
  Saint Roka (Orc:2)
  Agnes (D:15)
  Ilsuiw (Shoals:2)
  Aizul (Shoals:1)
  A very ugly thing (D:15)
  Azrael (D:13)
  A bunyip (D:10)
  An ettin (D:15)
  The ghost of Heh the Carver, a journeyman MiFi of Gozag (Lair:1)
  2 naga warriors (Snake:1)
  A boulder beetle (D:14)
  A centaur warrior (D:14)
  4 vault guards (D:13)
  6 hydras
  6 ogre magi
  Erolcha (D:11)
  A merfolk avatar (Shoals:1)
  16 two-headed ogres
  3 anacondas (Snake:1)
  A catoblepas (Lair:6)
  An alligator snapping turtle (Shoals:2)
  6 death yaks (Lair:4)
  7 tengu warriors
  An orc high priest (Orc:2)
  A hell knight (D:15)
  3 naga sharpshooters (Snake:1)
  Sonja (Orc:1)
  2 shock serpents (Snake:1)
  A fire crab (Lair:5)
  A bog body (IceCv)
  4 sea snakes (Shoals:1)
  A deep troll (D:15)
  2 naga ritualists (Snake:1)
  Pikel (D:7)
  A wizard (D:15)
  A mana viper (Snake:1)
  A necromancer (D:15)
  2 orc knights
  4 deep elf pyromancers
  8 orc sorcerers (Orc:2)
  A faun (Shoals:2)
  24 ugly things
  A shining eye (Shoals:2)
  6 manticores
  3 salamanders (Snake:1)
  A wolf spider (Lair:6)
  7 cyclopes
  Maurice (D:11)
  A black mamba (shapeshifter) (D:13)
  19 black mambas
  A guardian serpent (shapeshifter) (D:14)
  An ice statue (Shoals:2)
  4 merfolk sirens (Shoals:2)
  A guardian serpent (Snake:1)
  3 water nymphs (Shoals:1)
  A torpor snail (Lair:2)
  3 naga magi (Snake:1)
  An eye of devastation (Shoals:2)
  A gargoyle (D:14)
  A cane toad (shapeshifter) (D:13)
  An unseen horror (D:13)
  Maggie (D:9)
  Psyche (D:11)
  10 cane toads
  3 rime drakes
  A yaktaur (D:14)
  3 efreet
  A kobold demonologist (D:6)
  3 tengu conjurers
  2 freezing wraiths
  4 entropy weaver simulacra (IceCv)
  5 ice devils (IceCv)
  8 komodo dragons
  An anaconda simulacrum (IceCv)
  7 trolls
  13 merfolk
  11 polar bears
  4 wind drakes
  A jumping spider (Orc:1)
  A hornet (Lair:1)
  A queen bee (Lair:1)
  17 slime creatures
  20 blink frogs
  A slime creature (shapeshifter) (Shoals:2)
  4 snapping turtles
  10 dream sheep
  2 raiju (Lair:6)
  A redback (Orc:1)
  3 spriggan simulacra (IceCv)
  2 centaur simulacra (D:14)
  A water elemental (Shoals:1)
  Sigmund (D:2)
  A tarantella (shapeshifter) (D:13)
  3 wraiths
  2 wyverns
  3 basilisks
  2 fire elementals (D:13)
  23 yaks
  6 minotaur simulacra (IceCv)
  A steam dragon (D:9)
  4 vampire mosquitoes
  Edmund (D:6)
  11 wargs
  4 nagas (Snake:1)
  2 acid dragons (D:9)
  3 harpy simulacra (IceCv)
  16 hell hounds
  12 water moccasins
  Duvessa (D:7)
  A hydra simulacrum (IceCv)
  A swamp drake (Lair:2)
  34 orc warriors
  4 sky beasts
  An alligator simulacrum (IceCv)
  13 black bears
  A boggart (D:14)
  2 necrophages (D:6)
  36 wolves
  A centaur (shapeshifter) (D:14)
  11 ogres
  4 centaurs
  A phantom (D:5)
  2 kobold brigands
  11 bullfrogs
  6 deep troll simulacra (IceCv)
  5 scorpions
  Dowan (D:7)
  14 killer bees
  6 wights
  A lindwurm simulacrum (IceCv)
  4 electric eels
  5 howler monkeys
  2 centaur zombies (D:9)
  3 hounds (D:5)
  5 jellies
  13 orc priests
  A bullfrog skeleton (D:6)
  10 iguanas
  36 orc wizards
  5 hell rats (Lair:1)
  A killer bee zombie (D:7)
  A howler monkey zombie (D:8)
  3 gnolls (D:4)
  A river rat (D:7)
  5 adders
  A white imp (D:8)
  An ufetubus (D:7)
  An adder skeleton (D:4)
  A worm (D:2)
  2 dart slugs
  87 orcs
  6 endoplasms
  5 giant cockroaches
  5 hobgoblins
  12 jackals
  6 quokkas
  7 ball pythons
  5 bats
  17 frilled lizards
  4 goblins
  18 kobolds
  11 rats
860 creatures vanquished.

Vanquished Creatures (collateral kills)
  Harold (D:10)
  A two-headed ogre (Orc:2)
  A hydra (Lair:1)
  A cyclops (Shoals:1)
  2 black mambas (Lair:1)
  A yak (Lair:2)
  2 orcs (Orc:2)
  A frilled lizard (Lair:2)
10 creatures vanquished.

Vanquished Creatures (others)
  A salamander (Shoals:2)
  2 dream sheep (Lair:4)
  A raiju (Lair:6)
  A blink frog (Lair:3)
  An iguana (Lair:2)
  An orc wizard (D:14)
  2 frilled lizards (Lair:2)
  12 fungi
  40 plants
  4 withered plants
65 creatures vanquished.

Grand Total: 935 creatures vanquished

Table legend: (Time is in decaauts)
 A = Elapsed time spent in this place.
 B = Non-inter-level travel time spent in this place.
 C = Inter-level travel time spent in this place.
 D = Time resting spent in this place.
 E = Time spent auto-exploring this place.
 F = Levels seen in this place.
 G = Mean time per level.
                   A        B        C        D        E       F      G
               +--------+--------+--------+--------+--------+-----+--------+
         Total |  26867 |  24873 |   1994 |   3001 |  16226 |  27 |  995.1 |
       Dungeon |  15825 |  14703 |   1122 |   1817 |  10067 |  15 | 1055.0 |
          Lair |   5821 |   5190 |    631 |    229 |   3611 |   6 |  970.2 |
        Shoals |   1080 |   1035 |     45 |     74 |    579 |   2 |  540.0 |
     Snake Pit |   1348 |   1290 |     58 |    135 |    904 |   1 | 1348.0 |
  Orcish Mines |   2262 |   2125 |    137 |    445 |   1064 |   2 | 1131.0 |
      Ice Cave |    529 |    529 |      0 |    300 |      0 |   1 |  529.0 |
               +--------+--------+--------+--------+--------+-----+--------+

Top non-repeatable levels by time:
     D:6: 1994 daAuts
   Orc:2: 1548 daAuts
     D:9: 1468 daAuts
     D:8: 1437 daAuts
 Snake:1: 1348 daAuts
  Lair:2: 1290 daAuts
    D:14: 1247 daAuts
    D:10: 1121 daAuts
     D:5: 1117 daAuts
     D:4: 1087 daAuts
     D:3: 1021 daAuts
    D:15: 1011 daAuts
     D:7: 1006 daAuts
  Lair:6: 995 daAuts
  Lair:3: 968 daAuts

Table legend:
 A = Non-vault XP
 B = Vault XP
 C = Vault XP percentage of total XP
 D = Non-vault monster count
 E = Vault monster count
 F = Vault count percentage of total count
                 A         B        C        D         E       F
            +---------+---------+-------+---------+---------+-------
      Total |  136002 |   71031 |  34.3 |     606 |     266 |  30.5
            +---------+---------+-------+---------+---------+-------
        D:1 |      31 |       0 |   0.0 |      23 |       0 |   0.0
        D:2 |      54 |     212 |  79.7 |      22 |       1 |   4.3
        D:3 |      72 |       0 |   0.0 |      22 |       0 |   0.0
        D:4 |     330 |       0 |   0.0 |      23 |       0 |   0.0
        D:5 |     922 |      59 |   6.0 |      23 |       1 |   4.2
        D:6 |    1246 |     406 |  24.6 |      23 |       4 |  14.8
        D:7 |    1356 |    1266 |  48.3 |      18 |       6 |  25.0
        D:8 |    1742 |       0 |   0.0 |      23 |       0 |   0.0
        D:9 |    3550 |    2080 |  36.9 |      25 |       9 |  26.5
       D:10 |    4760 |    2393 |  33.5 |      12 |      13 |  52.0
       D:11 |    1717 |    1736 |  50.3 |       3 |       3 |  50.0
       D:12 |    7154 |       0 |   0.0 |      20 |       0 |   0.0
       D:13 |    2398 |    8101 |  77.2 |       6 |      17 |  73.9
       D:14 |   11812 |    9231 |  43.9 |      23 |      18 |  43.9
       D:15 |   16888 |    6027 |  26.3 |      27 |       7 |  20.6
     Lair:1 |    7213 |    1832 |  20.3 |      35 |       9 |  20.5
     Lair:2 |    5037 |    2625 |  34.3 |      23 |      31 |  57.4
     Lair:3 |    4284 |       0 |   0.0 |      20 |       0 |   0.0
     Lair:4 |    8878 |       0 |   0.0 |      22 |       0 |   0.0
     Lair:5 |    5245 |       0 |   0.0 |      19 |       0 |   0.0
     Lair:6 |    4429 |   10216 |  69.8 |      20 |      60 |  75.0
   Shoals:1 |   12612 |    1198 |   8.7 |      30 |       1 |   3.2
   Shoals:2 |    6090 |    3845 |  38.7 |      16 |       7 |  30.4
    Snake:1 |   20696 |       0 |   0.0 |      39 |       0 |   0.0
      Orc:1 |    2946 |    1074 |  26.7 |      36 |       2 |   5.3
      Orc:2 |    4540 |   11195 |  71.1 |      53 |      44 |  45.4
      IceCv |       0 |    7535 | 100.0 |       0 |      33 | 100.0
            +---------+---------+-------+---------+---------+-------
